 Dungeon Crawl Stone Soup version 0.30.1-11-g7821555f0a (webtiles) character file.

Game seed: 325208892405633174

110 Nonny the Ducker (level 4, -15/28 (34) HPs)
             Began as a Demonspawn Gladiator on Nov 27, 2023.
             Killed by an exploding worm (43 damage)
             ... ignited by their inner flame
             ... on level 3 of the Dungeon.
             The game lasted 00:07:19 (2218 turns).

Nonny the Ducker (Demonspawn Gladiator)             Turns: 2218, Time: 00:07:21

HP:   -15/28 (34)   AC:  5    Str: 12      XL:     4   Next: 61%
MP:   22/22         EV: 13    Int: 12 (13) God:
Gold: 50            SH:  0    Dex: 17      Spells: 3/3 levels left

rFire   . .          .
                       - Unarmed
rCold   . . .        (no shield)
rNeg    . . .        p - +1 leather armour "Jofaonar" {Stlth+}
rPois   .            b - +0 helmet
rElec   .            (no cloak)
rCorr   .            (no gloves)
SInv    .            (no boots)
Will    .....        (no amulet)
Stlth   ++++         f - ring of magical power
HPRegen 0.24/turn    j - ring of magical power
MPRegen 0.36/turn

%: no passive effects
@: heavily drained
A: thin skeletal structure 1, ignite blood 1, magic regeneration, clever 1,
deterioration 1, weak 1
a: no special abilities


You were on level 3 of the Dungeon.
You visited 1 branch of the dungeon, and saw 3 of its levels.

You collected 125 gold pieces.
You spent 75 gold pieces at shops.

Inventory:

Missiles
 c - a throwing net
 d - a javelin
 h - 49 stones (quivered)
Armour
 b - a +0 helmet (worn)
 m - a +0 buckler
 p - the +1 leather armour "Jofaonar" (worn) {Stlth+}
   (You found it on level 3 of the Dungeon)

   Stlth:     It makes you more stealthy.
Jewellery
 f - a ring of magical power (left hand)
 g - a ring of ice
 j - a ring of magical power (right hand)
Scrolls
 l - 2 scrolls of teleportation
 o - a scroll of blinking
Potions
 e - 2 potions of haste
 n - a potion of resistance {unknown}


   Skills:
 + Level 2.6 Fighting
 - Level 1.7 Throwing
 + Level 3.9 Dodging
 * Level 2.4 Stealth
 - Level 2.6 Unarmed Combat


You had 3 spell levels left.
You didn't know any spells.
Your spell library contained the following spells:

 Spells                   Type           Power      Damage    Failure   Level
 Lesser Beckoning         Tloc           0%         N/A       54%         2
 Passwall                 Tmut/Erth      0%         N/A       54%         2
 Gell's Gravitas          Tloc           0%         N/A       77%         3
 Teleport Other           Tloc           0%         N/A       77%         3
 Borgnjor's Vile Clutch   Necr/Erth      0%         N/A       100%        5
 Statue Form              Tmut/Erth      0%         N/A       100%        6


Dungeon Overview and Level Annotations

Branches:
Dungeon (3/15)

Altars:

Shops:
D:3 ?


Innate Abilities, Weirdness & Mutations

You have a somewhat thin skeletal structure. (Dex +2, Stealth+)
Your demonic aura sometimes causes spilled blood to erupt in flames.
You regenerate magic rapidly.
Your mind is acute. (Int +4, Str/Dex -1)
Your body sometimes deteriorates upon taking damage.
You are weak. (Str -2)


Message History

You hit the bat.
You kill the bat!
No target in view!
There is a stone staircase leading down here.
The helpless giant cockroach fails to defend itself.
You hit the giant cockroach but do no damage.
The giant cockroach closely misses you.
You hit the giant cockroach.
The giant cockroach is moderately wounded.
The giant cockroach bites you but does no damage.
You hit the giant cockroach.
The giant cockroach is severely wounded.
The giant cockroach closely misses you.
You hit the giant cockroach.
You kill the giant cockroach!
You see here a giant cockroach corpse.
There is a stone staircase leading down here.
A worm comes into view.
A kobold comes into view. It is wielding a +0 whip.
Found a stone staircase leading down.
As you read the scroll labelled MOJOKE HIOMU, it crumbles to dust.
It is a scroll of enchant weapon.
You aren't carrying any weapons that can be enchanted.
As you read the scroll labelled QAEKHL ILIC, it crumbles to dust.
The creatures around you are filled with an inner flame!
It was a scroll of immolation.
The worm barely misses you.
Unknown command.
You hear the rusting of a very distant drain.
The worm bites you.
You hit the worm but do no damage.
The kobold shouts!
The worm bites you but does no damage.
You hit the worm but do no damage. You hit the worm.
Flame seeps out of the worm.
The worm is moderately wounded.
The worm is engulfed in blazing flames.
The worm explodes!
The fiery explosion engulfs you!!!
Ouch! That really hurt!
You die...

##..#.##.##.####...##.#
#..#.##.##.###.....###
#......#.###....8....###
#.##.##.##.............#
# #..#.>...###...>.#
#..#†..###.###.†.#
#.##..######..#######
#.........§§.....
#.####...@○K..... ###
#.# ######§#.... ....
#.# >. . .#...###.# ##
.... ....# #....##..#
......<..# .#####...#
#..........


You could see a kobold (inner flame).

Vanquished Creatures
  4 adders
  2 worms (D:3)
  7 orcs (D:3)
  5 ball pythons
  5 endoplasms
  3 giant cockroaches
  7 goblins
  A hobgoblin (D:1)
  6 jackals
  7 kobolds
  A quokka (D:3)
  7 bats
  A frilled lizard (D:3)
  2 rats
58 creatures vanquished.

Notes
Turn   | Place    | Note
-------+----------+-------------------------------------------
     0 | D:1      | Nonny the Demonspawn Gladiator began the quest for the Orb.
     0 | D:1      | Reached XP level 1. HP: 16/16 MP: 1/1
   271 | D:1      | Reached skill level 3 in Dodging
   284 | D:1      | Gee D:1, TWO rings of magical power?
   373 | D:1      | Found a faded altar of an unknown god.
   377 | D:1      | Gained mutation: You have a somewhat thin skeletal
                  | structure. (Dex +2, Stealth+) [demonic ancestry]
   377 | D:1      | Reached XP level 2. HP: 22/22 MP: 2/2
   437 | D:1      | Got the Teachings on Erosion
   524 | D:1      | Reached skill level 1 in Stealth
  1239 | D:2      | Gained mutation: Your demonic aura sometimes causes spilled
                  | blood to erupt in flames. [demonic ancestry]
  1239 | D:2      | Reached XP level 3. HP: 24/27 MP: 3/3
  1694 | D:2      | Gained mutation: You regenerate magic rapidly. [demonic
                  | ancestry]
  1694 | D:2      | Reached XP level 4. HP: 25/34 MP: 4/4
  1862 | D:3      | Found Juaneot's Magic Scroll Emporium.
  1868 | D:3      | Bought a scroll of blinking for 75 gold pieces
  1892 | D:3      | Gained mutation: Your body sometimes deteriorates upon
                  | taking damage. [potion of mutation]
  1892 | D:3      | Gained mutation: Your mind is acute. (Int +4, Str/Dex -1)
                  | [potion of mutation]
  1892 | D:3      | Gained mutation: You are weak. (Str -2) [potion of
                  | mutation]
  2132 | D:3      | Identified the +1 leather armour "Jofaonar" {Stlth+}
  2218 | D:3      | Killed by an exploding worm... ignited by their inner flame

Illustrated notes

........)....##... #.#
##.#.#
#...........####.. #.#
##<# .......#....####..
..# #.#.#
.......#...##..##. ...
#.# #.#
...........##..## .# ##
## #####.>#..##....#
#####.##..##....##
......###.#......#
#####.###.#.....@#..
).......)...............
.####.###.#.#..#...#....
.# #.# #.#.#.....).....
.# #.. .............# .#
#.###.#.#.......... .#
#.# #.#.#.#...#..##. .#
#.# #.#.#.#...#... ..
#.# #.#.#.##...


Turn 284 on D:1: Gee D:1, TWO rings of magical power?

Levels and vault maps discovered:
D:1:      reono_arrival_mine, layout_basic, ebering_ecumenical_altar_webs,
          kennysheep_pointless_box, minmay_misc_feat_x
D:2:      layout_rooms, basic_altar
D:3:      layout_loops_ring, nicolae_overflow_two_pavilions, serial_shops,
          nicolae_shop_waterfront, gup_sewer_entry_bubbles, grunt_ministairs_12

Skill      XL: |  1  2  3 |
---------------+----------+-----
Dodging        | 3 |  3.9
Stealth        | 1 2 |  2.4
Fighting       | |  2.6
Throwing       | |  1.7
Unarmed Combat | |  2.6

Action                     |  1- 3 |  4- 6 || total
---------------------------+-------+-------++-------
  Melee: Unarmed           |   166 |   116 ||   282
         Punch             |     6 |     3 ||     9
  Throw: Throwing net      |     1 |     1 ||     2
    Use: Scroll            |     2 |     3 ||     5
         Potion            |       |     3 ||     3
   Stab: Sleeping          |     7 |     2 ||     9
 Armour: Leather armour    |    55 |    25 ||    80
  Dodge: Dodged            |   121 |    59 ||   180
